AoeStats
← Sin_Teclado

Arabia

510891772Analyzed
1v1 RM · 3h ago on Oct 3, 2026· 49m 39s· 2 players
Game mode
Random Map
Map size
Tiny (2 player)
Population
200
Speed
Normal
Resources
Standard
Victory
Conquest
Starting age
Dark Age
Ending age
Imperial Age
RankedLock teamsTeams togetherTeam positionsShared explorationLock speedFull tech treeHidden civsTurbo modeCheats
Victory
Defeat
🇵🇪 Vietnamese · Peru
1642
+15
🇲🇽 Spanish · Mexico
1615
-15
Sin_Teclado
0:48 Loom
10:42 Feudal Age
14:40 Castle Age
21:11 Padded Archer Armor
38:53 Leather Archer Armor
41:44 Wheelbarrow
TEX
6:20 Loom
8:57 Feudal Age
10:04 Double-Bit Axe
12:10 Fletching
20:05 Castle Age
19:01 Padded Archer Armor
20:07 Elite Skirmisher
20:57 Bodkin Arrow
32:57 Bow Saw
36:13 Ballistics
43:35 Thumb Ring
49:33 Imperial Age
48:09 Leather Archer Armor
49:03 Murder Holes
50:17 Bracer
Connection lost

Rejoining the realm…

Still unreachable

The connection could not be restored.

Session expired

The server has moved on; the page needs a fresh start.